 Dungeon Crawl Stone Soup version 0.18.1-48-g4cf74bf (webtiles) character file.

4199 grulito the Nimble (level 10, -1/60 HPs)
             Began as a Halfling Assassin on June 25, 2016.
             Was a Believer of Trog.
             Slain by Aquadorian's ghost (9 damage)
             ... on level 7 of the Dungeon on June 26, 2016.
             The game lasted 01:55:51 (15211 turns).

grulito the Nimble (Halfling Assassin)             Turns: 15211, Time: 01:55:52

Health: -1/60      AC:  4    Str: 13      XL:     10   Next: 54%
Magic:  10/10      EV: 26    Int: 10      God:    Trog [**....]
Gold:   385        SH:  0    Dex: 19 (20) Spells: 0 memorised, 9 levels left

rFire  . . .     SeeInvis .     T - +3 dagger (venom)
rCold  . . .     Gourm    +     c - +0 robe
rNeg   . . .     Faith    .     (shield restricted)
rPois  +         Spirit   .     J - +0 helmet
rElec  .         Dismiss  .     w - +0 cloak {+Inv}
rCorr  .         Reflect  .     (no gloves)
SustAt .         Harm     .     (no boots)
MR     .....                    d - amulet of the gourmand
Stlth  ++++......               M - ring of poison resistance
                                I - +2 ring of strength

@: exhausted, slowed, very slow, not resistant to hostile enchantments, stealthy
A: mutation resistance 1
a: Berserk, Trog's Hand, Burn Spellbooks, Renounce Religion, Evoke Invisibility


You were on level 7 of the Dungeon.
You worshipped Trog.
Trog was pleased with you.
You were hungry.

You visited 1 branch of the dungeon, and saw 7 of its levels.
You also visited: Sewer.

You collected 385 gold pieces.

Inventory:

Hand Weapons
 a - a +2 dagger
 b - a +0 blowgun
 z - a +0 short sword
 C - a +0 blowgun
 G - a +2 dagger of draining
 P - a +0 halberd of flaming
 R - a +0 rapier
 T - a +3 dagger of venom (weapon)
Missiles
 e - a poisoned needle
 f - 2 curare-tipped needles
Armour
 c - a +0 robe (worn)
 w - a +0 cloak of invisibility (worn)
 J - a +0 helmet (worn)
Jewellery
 d - an amulet of the gourmand (around neck)
 g - an uncursed ring of resist corrosion
 k - an uncursed ring of wizardry
 F - an uncursed ring of magical power
 I - a +2 ring of strength (left hand)
 M - a ring of poison resistance (right hand)
Wands
 y - a wand of lightning (6/15)
 B - a wand of slowing (13/48)
 H - a wand of teleportation (4/9)
 V - a wand of teleportation (5/9)
Scrolls
 i - a scroll of random uselessness {unknown}
 j - a scroll of enchant weapon {unknown}
 l - 2 scrolls of fog {unknown}
 n - 2 scrolls of magic mapping
 q - 2 scrolls of remove curse
 u - a scroll of noise {unknown}
 A - 3 scrolls of teleportation
 D - a scroll of amnesia {unknown}
 L - a scroll of fear {unknown}
 U - a scroll of summoning {unknown}
Potions
 h - 3 potions of magic
 o - 3 potions of might
 p - 2 potions of haste {unknown}
 r - 2 potions of curing
 s - 2 potions of lignification
 t - 2 potions of heal wounds
 x - 5 potions of flight
 E - a potion of cure mutation {unknown}
 K - a potion of ambrosia {unknown}
 N - a potion of berserk rage {unknown}
 Q - a potion of brilliance {unknown}
 S - a potion of degeneration {unknown}
Comestibles
 v - a meat ration


   Skills:
 - Level 1.7 Fighting
 - Level 10.1 Short Blades
 - Level 2.1 Throwing
 + Level 12.7 Dodging
 + Level 6.3 Stealth


You had 9 spell levels left.
You didn't know any spells.

Dungeon Overview and Level Annotations

Branches:
Dungeon (7/15)             Temple (0/1) D:6

Altars:
Dithmenos
Fedhas
Okawaru
Pakellas
Ru
Sif Muna
Trog
Yredelemnul
The Shining One

Shops:
D:4 }

Annotations:
D:7 Aquadorian's ghost, novice TrMo; Joseph


Innate Abilities, Weirdness & Mutations

You are small and have problems with some larger weapons.
You are somewhat resistant to further mutation.


Message History

You hit Aquadorian's ghost but do no damage.
Aquadorian's ghost is lightly damaged.
You hit Aquadorian's ghost but do no damage.
Aquadorian's ghost is lightly damaged.
Aquadorian's ghost hits you!!
* * * LOW HITPOINT WARNING * * *
You feel a strong urge to attack something.
You feel your anger subside.
You are no longer berserk.
You are exhausted.
You feel yourself slow down.
You are feeling hungry.
A sky beast comes into view.
The sky beast moves out of view.
Aquadorian's ghost misses you.
Aquadorian's ghost whispers, "The ORB doesn't exist."
Aquadorian's ghost hits you!
* * * LOW HITPOINT WARNING * * *
Aquadorian's ghost closely misses you. Aquadorian's ghost hits you!
You die...

######## #####
#......###############...#######
#...............................
#....[.############.##.......###
######....#########..............
.................................
######....#########..##.#..##....
...............W....)###...##....
######.....#####@##.(.#.....##..#
#####.##.....#.(##....(#....
#..(........#..('.._.......
#######.##.#......#..(......#....
...........#..........#.....##...
...........#####.....##.#...#...)
..........##_,_#.....#..#.###....
..........#*,,,#................#
###########*,,,#.................


You could see Aquadorian's ghost.

Vanquished Creatures
  Pikel (D:4)
  The ghost of alexandrvrp the Skirmisher, a novice DsFi of Cheibriados (D:5)
  Grinder (D:6)
  Sigmund (D:3)
  Eustachio (D:4)
  A hungry ghost (D:7)
  Duvessa (D:4)
  3 black bears
  3 sky beasts
  3 slaves (D:4)
  A phantom (D:5)
  2 ogres
  A centaur (D:6)
  A big kobold (Sewer)
  2 giant frogs
  Dowan (D:4)
  A scorpion (D:5)
  4 killer bees (D:5)
  3 howler monkeys
  3 crimson imps
  A quasit (D:7)
  A gnoll shaman (D:4)
  3 hounds
  4 jellies
  Crazy Yiuf (D:2)
  A giant frog skeleton (D:6)
  4 orc priests
  3 orc wizards
  An iron imp (D:7)
  3 iguanas
  5 worker ants
  A hound zombie (D:7)
  A worker ant zombie (D:5)
  5 gnolls
  11 adders
  3 river rats
  A shadow imp (D:6)
  An ooze (D:1)
  An adder zombie (D:4)
  An adder skeleton (D:7)
  A worm (D:5)
  A dart slug (D:1)
  5 giant geckos
  13 orcs
  4 giant cockroaches
  6 goblins
  6 hobgoblins
  10 jackals
  7 quokkas
  A ball python (D:3)
  7 bats
  A giant cockroach zombie (D:6)
  3 giant newts
  A goblin skeleton (D:7)
  A goblin zombie (D:7)
  4 hobgoblin zombies (D:7)
  A jackal skeleton (D:5)
  2 jackal zombies
  9 kobolds
  2 kobold zombies (D:7)
  2 orc skeletons (D:7)
  2 orc zombies (D:7)
  A quokka zombie (D:6)
  10 rats
  A spectral orc (D:5)
188 creatures vanquished.

Vanquished Creatures (others)
  An orc warrior (D:6)
1 creature vanquished.

Grand Total: 189 creatures vanquished

Notes
Turn   | Place    | Note
--------------------------------------------------------------
     0 | D:1      | grulito the Halfling Assassin began the quest for the Orb.
     0 | D:1      | Reached XP level 1. HP: 14/14 MP: 1/1
   416 | D:1      | Reached XP level 2. HP: 19/19 MP: 2/2
   970 | D:2      | Reached XP level 3. HP: 18/24 MP: 3/3
  1463 | D:2      | Noticed Crazy Yiuf
  1480 | D:2      | Killed Crazy Yiuf
  1480 | D:2      | Reached skill level 5 in Short Blades
  1480 | D:2      | Reached XP level 4. HP: 29/29 MP: 4/4
  1791 | D:2      | Found a deep blue altar of Sif Muna.
  2053 | D:2      | Found a bloodstained altar of Trog.
  2054 | D:2      | Found a blossoming altar of Fedhas.
  2065 | D:2      | Became a worshipper of Trog the Wrathful
  2167 | D:3      | Found a glowing drain.
  2232 | D:3      | Reached XP level 5. HP: 10/34 MP: 5/5
  2273 | Sewer    | Entered a sewer
  2536 | Sewer    | Noticed a big kobold
  2582 | Sewer    | Killed a big kobold
  2728 | Sewer    | Found a white marble altar of Elyvilon.
  3113 | D:3      | Noticed Sigmund
  3130 | D:3      | Killed Sigmund
  3130 | D:3      | Reached XP level 6. HP: 39/39 MP: 6/6
  3130 | D:3      | Reached * piety under Trog
  3817 | D:3      | Reached XP level 7. HP: 42/44 MP: 7/7
  3839 | D:3      | Found an iron altar of Okawaru.
  4077 | D:4      | Found an oddly glowing altar of Pakellas.
  4077 | D:4      | Found Pakellas's Prime Provisions.
  4129 | D:4      | Reached skill level 2 in Dodging
  4571 | D:4      | Reached skill level 10 in Short Blades
  4601 | D:4      | Reached skill level 3 in Dodging
  5065 | D:4      | Reached XP level 8. HP: 33/49 MP: 8/8
  5084 | D:5      | Entered Level 5 of the Dungeon
  5085 | D:5      | Noticed alexandrvrp's ghost (novice DsFi)
  5383 | D:4      | Reached skill level 4 in Dodging
  5386 | D:4      | Noticed Duvessa
  5390 | D:4      | Noticed Dowan
  6051 | D:4      | Noticed Pikel
  6391 | D:4      | Killed Dowan
  6499 | D:4      | Killed Duvessa
  6499 | D:4      | Reached skill level 5 in Dodging
  6579 | D:4      | Noticed Eustachio
  6988 | D:4      | Killed Pikel
  6988 | D:4      | Reached ** piety under Trog
  6988 | D:4      | Reached skill level 7 in Dodging
  6988 | D:4      | Reached XP level 9. HP: 20/54 MP: 9/9
  7520 | D:4      | Killed Eustachio
  7520 | D:4      | Reached skill level 8 in Dodging
  7657 | D:4      | Found a sacrificial altar of Ru.
  7904 | D:5      | Reached skill level 9 in Dodging
  9900 | D:5      | Reached skill level 10 in Dodging
 10249 | D:5      | Found a basalt altar of Yredelemnul.
 10288 | D:5      | Reached skill level 5 in Stealth
 10637 | D:5      | Killed alexandrvrp's ghost
 10982 | D:6      | Reached skill level 11 in Dodging
 10993 | D:6      | Found a staircase to the Ecumenical Temple.
 11158 | D:6      | Reached XP level 10. HP: 60/60 MP: 10/10
 11954 | D:6      | Noticed Grinder
 12010 | D:6      | Killed Grinder
 12749 | D:6      | Reached skill level 12 in Dodging
 12997 | D:7      | Got a pair of encrusted boots
 13001 | D:7      | Found a glowing golden altar of the Shining One.
 13027 | D:7      | Noticed Aquadorian's ghost (novice TrMo)
 13995 | D:7      | Noticed Joseph
 14741 | D:7      | Found a shadowy altar of Dithmenos.
 15055 | D:7      | Identified the cursed -4 pair of boots "Nabouq" {MR++} (You found it on level 7 of the Dungeon)
 15211 | D:7      | Slain by Aquadorian's ghost

Skill      XL: |  1  2  3  4  5  6  7  8  9 10 |
---------------+-------------------------------+-----
Short Blades   | 3 4 5 6 8 9 10 | 10.1
Dodging        | 3 7 11 12 | 12.7
Stealth        | 5 6 |  6.3
Fighting       | |  1.7
Throwing       | |  2.1

Action                   |  1- 3 |  4- 6 |  7- 9 | 10-12 || total
-------------------------+-------+-------+-------+-------++-------
Melee: Dagger            |    62 |   170 |   652 |   432 ||  1316
 Fire: Blowgun           |     6 |    24 |    72 |    27 ||   129
Invok: Berserk           |       |       |     1 |     2 ||     3
       Burn Spellbooks   |       |       |       |     1 ||     1
Evoke: Wand              |       |     1 |     3 |     1 ||     5
  Use: Scroll            |       |     3 |     3 |     3 ||     9
       Potion            |       |     2 |     1 |     4 ||     7
 Stab: Sleeping          |    12 |     5 |     6 |     3 ||    26
       Distracted        |       |       |     1 |       ||     1
  Eat: Meat ration       |     1 |       |     1 |       ||     2
       Chunk             |       |     1 |     6 |     9 ||    16
       Pizza             |       |     1 |     1 |       ||     2
       Bread ration      |       |       |     4 |       ||     4
       Beef jerky        |       |       |       |     1 ||     1
Armor: Robe              |    10 |    33 |    20 |    16 ||    79
       Skin              |       |     6 |       |       ||     6
Dodge: Dodged            |    16 |   101 |   266 |   246 ||   629
